 Dungeon Crawl Stone Soup version 0.18-a0-1370-gc45fe74 (webtiles) character file.

105 Reinor the Magician (level 4, -2/21 HPs)
             Began as a Spriggan Wizard on Feb 21, 2016.
             Killed from afar by yfast's ghost (9 damage)
             ... with a magic dart
             ... on level 3 of the Dungeon.
             The game lasted 00:09:08 (2364 turns).

Reinor the Magician (Spriggan Wizard)               Turns: 2364, Time: 00:09:08

Health: -2/21      AC:  5    Str:  3    XL:     4   Next: 53%
Magic:  12/12      EV: 18    Int: 20    God:
Gold:   65         SH:  0    Dex: 14    Spells: 5 memorised, 2 levels left

rFire  . . .     SeeInvis +     (weapon restricted)
rCold  . . .     Gourm    .     a - +0 robe
rNeg   + . .     Faith    .     (shield restricted)
rPois  .         Spirit   .     b - +0 hat
rElec  .         Dismiss  .     (no cloak)
rCorr  .         Reflect  .     (gloves unavailable)
SustAt .         Harm     .     (boots unavailable)
MR     .....                    (no amulet)
Stlth  ++........               k - +3 ring of protection
                                j - ring of positive energy

@: lethally poisoned (-2 -> -5), very quick, not resistant to hostile
enchantments, unstealthy
A: unfitting armour, see invisible, herbivore 3, speed 3, slow metabolism 2
a: no special abilities


You were on level 3 of the Dungeon.
You were not hungry.

You visited 1 branch of the dungeon, and saw 3 of its levels.

You collected 65 gold pieces.

Inventory:

Armour
 a - a +0 robe (worn)
 b - a +0 hat (worn)
Jewellery
 j - a ring of positive energy (left hand)
 k - a +3 ring of protection (right hand)
Potions
 e - a potion of flight {unknown}
 f - 3 potions of heal wounds {unknown}
 i - a potion of degeneration {unknown}
 l - a potion of lignification {unknown}
 n - a potion of magic {unknown}
Books
 c - a book of Minor Magic

   Spells                             Type                      Level
   a - Magic Dart                     Conjuration                  1
   b - Blink                          Translocation                2
   c - Call Imp                       Summoning                    2
   d - Repel Missiles                 Charms/Air                   2
   e - Slow                           Hexes                        2
   f - Conjure Flame                  Conjuration/Fire             3
   g - Mephitic Cloud                 Conjuration/Poison/Air       3
Comestibles
 d - 3 bread rations
 g - a slice of pizza
 h - a fruit


   Skills:
 - Level 3.0 Dodging
 - Level 3.0 Stealth
 - Level 5.0 Spellcasting
 + Level 2.4 Conjurations
   Level 0.7 Summonings
 + Level 2.4 Translocations


You had 2 spell levels left.
You knew the following spells:

 Your Spells              Type           Power        Failure   Level  Hunger
a - Magic Dart            Conj           ##..         4%          1    None
b - Blink                 Tloc           N/A          10%         2    None
c - Repel Missiles        Chrm/Air       #.....       21%         2    None
d - Conjure Flame         Conj/Fire      #.......     24%         3    ##.....
e - Mephitic Cloud        Conj/Pois/Air  #.......     24%         3    ##.....


Dungeon Overview and Level Annotations

Branches:
Dungeon (3/15)

Altars:
Cheibriados
Gozag
Pakellas

Annotations:
D:3 yfast's ghost, weakling DECj


Innate Abilities, Weirdness & Mutations

You are tiny and cannot use many weapons and most armour.
You have supernaturally acute eyesight.
You are an herbivore.
You cover ground extremely quickly.
You need consume almost no food.


Message History

Found a stone staircase leading down.
The bat hits you but does no damage.
You see here a red potion.
n - a red potion The bat closely misses you.
You feel sick. The bat misses you.
Found a stone staircase leading up.
The bat misses you. The bat barely misses you. The bat misses you.
The bat closely misses you.
You feel sick. The bat closely misses you. The bat misses you.
Read which item? (? for menu, Esc to quit)
As you read the scroll labeled CAETENWEYCE, it crumbles to dust.
You feel blessed for a moment.
It was a scroll of remove curse.
The bat completely misses you.
Yfast's ghost gestures at you while chanting.
The magic dart hits you!
You die...

#.#. #. #..# . #..#
.# ###..###..# .
.....>#.##..
#..#.......
#####b.........
#......@.......
#.###..........
###.###WS#......#
#....a....####..#
.#...#####.#..# ..
..o.#. #g##.## #
..... #.##..#..
#.#..######........
<..........g......#


You could see a worker ant, yfast's ghost, an adder, a hobgoblin and a bat.

Vanquished Creatures
  5 adders (D:2)
  A worm (D:2)
  2 giant geckos (D:2)
  3 orcs (D:2)
  8 bats
  2 giant cockroaches
  7 goblins
  5 hobgoblins
  5 jackals
  5 kobolds
  A giant newt (D:2)
  6 rats
50 creatures vanquished.

Notes
Turn   | Place    | Note
--------------------------------------------------------------
     0 | D:1      | Reinor the Spriggan Wizard began the quest for the Orb.
     0 | D:1      | Reached XP level 1. HP: 9/9 MP: 6/6
   337 | D:1      | Reached skill level 1 in Conjurations
   494 | D:1      | Reached XP level 2. HP: 13/13 MP: 4/8
   668 | D:1      | Learned a level 2 spell: Blink
   671 | D:1      | Learned a level 2 spell: Repel Missiles
  1049 | D:2      | Reached XP level 3. HP: 11/16 MP: 0/10
  1398 | D:2      | Found an oddly glowing altar of Pakellas.
  1473 | D:2      | Reached skill level 5 in Spellcasting
  1570 | D:2      | Reached XP level 4. HP: 21/21 MP: 0/12
  1683 | D:2      | Learned a level 3 spell: Conjure Flame
  1687 | D:2      | Learned a level 3 spell: Mephitic Cloud
  1943 | D:2      | Found an opulent altar of Gozag.
  1943 | D:2      | Found a snail-covered altar of Cheibriados.
  2337 | D:3      | Noticed yfast's ghost (weakling DECj)
  2364 | D:3      | Killed from afar by yfast's ghost

Vault maps used:
D:1:      minmay_arrival_three_doors
D:2:      amethyst_overflow_temple_binary, serial_aquarium,
          aquarium_bridge_square, aquarium_window_1, aquarium_window_fake,
          aquarium_window_2, aquarium_view_2c, aquarium_view_2b,
          aquarium_balcony_3a, aquarium_pool_five, first_bread,
          grunt_pakellas_mercury
D:3:      lemuel_crystal_altar

Action                   |  1- 3 |  4- 6 || total
-------------------------+-------+-------++-------
Melee: Unarmed           |    25 |       ||    25
 Cast: Magic Dart        |    97 |    52 ||   149
  Use: Scroll            |     3 |     1 ||     4
